Map: Purity and Industry LE

Players

Mryarking - Winner!

  • Race: Protoss Protoss
  • League: Gold
  • Spawn Location: 3:00

Massa

  • Race: Terran Terran
  • League: Gold
  • Spawn Location: 12:00

VOD

Have the link to the VOD?

Description

Time

  • Played on: May 22, 2020, 11:40 a.m.
  • Length: 11:20
Show
View Real Time Build Order
Export as new Build Order

Mryarking Protoss - Winner!

Build Orders:  

Get SALT Encoding   

  12  0:06  Probe (Chrono Boost)  
  13  0:15  Probe (Chrono Boost)  
  13  0:21  Pylon  
  14  0:39  Gateway  
  14  0:45  Gateway  
  14  1:01  Assimilator  
  14  1:04  Probe (Chrono Boost)  
  14  1:06  Pylon  
  15  1:13  Probe (Chrono Boost)  
  16  1:19  Assimilator  
  16  1:33  Cybernetics Core  
  16  2:08  Warp Gate (Chrono Boost)  
  16  2:14  Stalker x2  
  20  2:38  Robotics Facility  
  20  2:42  Probe (Chrono Boost)  
  21  2:48  Pylon  
  22  2:51  Probe (Chrono Boost)  
  22  2:53  Stalker  
  22  2:56  Probe (Chrono Boost)  
  25  3:08  Probe  
  26  3:20  Probe  
  27  3:56  Stalker x2  
  31  4:21  Stalker x2  
  35  4:38  Nexus  
  35  4:41  Pylon  
  33  5:06  Stalker  
  33  5:07  Stalker  
  35  5:16  Immortal  
  37  5:38  Stalker  
  37  5:39  Stalker  
  33  6:28  Stalker x2  
  33  6:29  Probe (Chrono Boost)  
  36  6:39  Probe (Chrono Boost)  
  38  6:41  Probe (Chrono Boost)  
  38  6:42  Gateway  
  38  6:43  Probe (Chrono Boost), Gateway  
  38  6:45  Pylon  
  37  6:53  Stalker x2  
  39  6:55  Probe (Chrono Boost), Stargate  
  40  7:02  Assimilator  
  40  7:06  Probe (Chrono Boost)  
  41  7:11  Probe (Chrono Boost)  
  42  7:16  Stalker  
  42  7:17  Stalker  
  46  7:25  Probe  
  47  7:32  Assimilator  
  47  7:37  Probe  
  48  7:46  Stalker x3  
  48  7:49  Probe  
  55  7:58  Stalker  
  57  8:01  Probe  
  44  8:13  Probe  
  45  8:25  Zealot x2  
  45  8:26  Twilight Council, Zealot x2  
  53  8:38  Probe (Chrono Boost)  
  53  8:41  Twilight Council  
  54  8:44  Pylon  
  55  8:48  Zealot  
  55  8:49  Probe (Chrono Boost)  
  55  8:52  Zealot  
  55  8:54  Probe (Chrono Boost)  
  60  8:56  Observer  
  60  9:01  Charge (Chrono Boost)  
  61  9:05  Void Ray  
  61  9:06  Probe (Chrono Boost)  
  66  9:17  Zealot x2  
  64  9:36  Zealot  
  64  9:37  Zealot x2  
  64  9:38  Zealot  
  72  9:53  Void Ray  
  72  9:58  Stalker  
  78  10:02  Pylon  
  78  10:03  Pylon  
  78  10:04  Pylon  
  78  10:06  Pylon  
  78  10:23  Zealot x3  
  78  10:24  Zealot  
  84  10:45  Zealot x2  
  84  10:46  Zealot x2  
Show
View Real Time Build Order
Export as new Build Order

Massa Terran 

Build Orders:  

Get SALT Encoding   

  12  0:10  Supply Depot  
  13  0:14  SCV  
  13  0:26  SCV  
  14  0:35  Barracks  
  14  0:38  SCV  
  15  0:51  Supply Depot  
  15  0:52  SCV  
  16  1:05  SCV  
  17  1:22  Marine  
  18  1:25  SCV  
  18  1:26  Refinery  
  19  1:37  SCV  
  20  1:40  Marine  
  21  2:00  SCV  
  22  2:10  Command Center  
  22  2:12  SCV, Barracks  
  23  2:27  SCV  
  24  2:36  Marine  
  24  2:39  SCV  
  25  2:47  Supply Depot  
  25  2:49  Factory  
  25  2:53  Engineering Bay  
  25  2:54  Marine  
  25  2:56  Refinery  
  26  3:02  Barracks Tech Lab  
  26  3:07  Orbital Command  
  26  3:27  Marine x2  
  24  3:37  Widow Mine  
  26  3:44  Marine  
  26  3:45  Marauder  
  26  4:02  Marine  
  26  4:06  Marauder  
  26  4:20  Marine  
  27  4:25  Barracks  
  27  4:27  Marine  
  27  4:29  Barracks  
  27  4:35  Factory Tech Lab  
  28  4:46  Marauder  
  28  4:51  Planetary Fortress  
  23  5:14  Siege Tank  
  26  5:15  Marine  
  25  5:33  Marine  
  24  5:42  Marine  
  24  5:51  Marine  
  22  5:58  SCV  
  22  6:00  Marine  
  21  6:06  Siege Tank  
  21  6:09  Marine  
  21  6:10  SCV  
  22  6:17  Marine  
  19  6:22  SCV  
  19  6:27  Marine  
  20  6:34  SCV  
  20  6:35  Marine  
  22  6:40  SCV  
  22  6:44  Marine  
  22  6:45  Siege Tank  
  22  6:46  SCV  
  28  6:52  SCV  
  28  6:53  Marine  
  30  6:58  SCV  
  30  7:00  Barracks  
  31  7:06  Supply Depot  
  31  7:11  Supply Depot  
  31  7:33  Marine x2  
  33  7:51  Marine x2  
  33  7:55  Barracks Tech Lab  
  35  8:09  Marine x2  
  32  8:20  Marauder  
  32  8:26  Marine x2  
  36  8:42  Marauder  
  36  8:44  Marine, Missile Turret  
  39  8:58  SCV  
  40  9:03  Marauder  
  42  9:10  SCV  
  42  9:15  Missile Turret  
  43  9:22  SCV  
  41  9:25  Marauder  
  30  9:34  SCV  
  30  9:36  Siege Tank  
  33  9:39  Marine x2  
  35  9:46  Marauder  
  35  9:51  Orbital Command  
  37  9:57  Marine x2  
  39  10:06  SCV  
  40  10:07  Marine  
  40  10:08  Siege Tank  
  44  10:15  Marine x2  
  44  10:18  SCV  
  47  10:22  Missile Turret  
  47  10:30  SCV x2  
  49  10:42  SCV x2  
Tags
 
Add a new tag
Caveats
  • Supply blocks, unpowered buildings, or Contaminate may cause inaccurate times.
  • Supply counts are checked every 10 seconds.